 Dungeon Crawl Stone Soup version 0.24.0-41-g2ae2f7f1be (webtiles) character file.

Game seed: 4303640307164991091, levelgen mode: deterministic

8222 Devinter the Thaumaturge (level 11, -8/79 HPs)
             Began as a Mummy Necromancer on Dec 10, 2019.
             Was an Initiate of Gozag.
             Mangled by an orc warrior
             ... wielding a +1 trident of flaming
             ... led by an orc warlord
              (12 damage)
             ... on level 10 of the Dungeon on Dec 11, 2019.
             The game lasted 01:23:30 (13636 turns).

Devinter the Thaumaturge (Mummy Necromancer)       Turns: 13636, Time: 01:23:30

Health: -8/79      AC: 14    Str: 11    XL:     11   Next: 7%
Magic:  6/25       EV:  9    Int: 19    God:    Gozag
Gold:   102        SH:  8    Dex: 12    Spells: 25/30 levels left

rFire    x . .     SeeInvis .   j - +8 dagger (distort)
rCold    + + .     Gourm    .   (no shield)
rNeg     + + +     Faith    .   o - +0 shadow dragon scales
rPois    ∞         Spirit   .   a - +0 helmet (curse)
rElec    .         Reflect  +   (no cloak)
rCorr    .         Harm     .   (no gloves)
MR       +....                  s - +0 pair of boots
Stlth    ++++......             C - brooch of Shielding {Reflect SH+8}
HPRegen  0.23/turn              B - +4 ring of evasion
MPRegen  0.19/turn              n - ring of protection from cold

@: gold aura, very slightly contaminated
A: no food or potions, fire vulnerability, cold resistance 1, negative energy
resistance 3, torment resistance, unbreathing
a: Potion Petition, Call Merchant, Bribe Branch, Renounce Religion


You were on level 10 of the Dungeon.
You worshipped Gozag.
Gozag was aware of your devotion.
You were not hungry.

You visited 3 branches of the dungeon, and saw 12 of its levels.
You also visited: Ossuary.

You collected 2023 gold pieces.
You spent 1381 gold pieces at shops.
You paid 540 gold pieces to Gozag.

Inventory:

Hand Weapons
 j - a +8 dagger of distortion (weapon)
 y - a +2 rapier of speed
 F - a +1 dagger of protection
 G - a +5 long sword
 H - a +2 dagger of venom
 I - the +5 fustibalus of Evufu {flame, MR+ Str-4 Dex+2 Stlth+}
   (You found it on level 9 of the Dungeon)

   It causes projectiles fired from it to burn those they strike, causing extra
   injury to most foes and up to half again as much damage against particularly
   susceptible opponents.
   It affects your strength (-4).
   It affects your dexterity (+2).
   It affects your resistance to hostile enchantments.
   It makes you more stealthy.
 K - a cursed +4 dagger of freezing
Missiles
 b - 153 arrows
 c - 23 sling bullets
 f - 342 stones
 g - 79 bolts
 h - 10 curare-tipped darts (quivered)
 p - 3 throwing nets
 u - 14 boomerangs
 z - 6 javelins
Armour
 a - a cursed +0 helmet (worn)
 o - +0 shadow dragon scales (worn)
 s - a +0 pair of boots (worn)
 v - a +2 shield of protection
Jewellery
 n - a ring of protection from cold (right hand)
 r - an uncursed ring of ice
 t - an uncursed amulet of guardian spirit
 A - a +3 ring of intelligence
 B - a +4 ring of evasion (left hand)
 C - the brooch of Shielding (around neck) {Reflect SH+8}
   (You bought it in a shop on level 10 of the Dungeon)

   [amulet of reflection]

   It shields you and reflects attacks.
   It affects your SH (+8).
Wands
 q - a wand of flame (18)
 w - a wand of disintegration (8)
 x - a wand of iceblast (22)
 D - a wand of enslavement (9)
Scrolls
 d - 3 scrolls of magic mapping
 e - 6 scrolls of remove curse
 i - 3 scrolls of identify
 k - 4 scrolls of enchant armour
 l - 4 scrolls of teleportation
 m - 3 scrolls of fear
Miscellaneous
 E - a sack of spiders


   Skills:
 - Level 5.0 Fighting
 - Level 5.0 Short Blades
 + Level 4.2 Armour
 - Level 2.0 Dodging
 - Level 5.0 Stealth
 - Level 10.0 Spellcasting
 - Level 10.0 Necromancy
 + Level 1.5 Ice Magic
 + Level 3.4 Evocations


You had 25 spell levels left.
You knew the following spells:

 Your Spells              Type           Power        Failure   Level  Hunger
a - Pain                  Necr           ####         5%          1    N/A
b - Vampiric Draining     Necr           #####.....   16%         3    N/A
c - Freeze                Ice            ###.         86%         1    N/A

Your spell library contained the following spells:

 Spells                   Type           Power        Failure   Level  Hunger
 Animate Skeleton         Necr           N/A          5%          1    N/A
 Animate Dead             Necr           N/A          45%         4    N/A
 Throw Frost              Conj/Ice       ##....       98%         2    N/A
 Ozocubu's Armour         Chrm/Ice       ##......     100%        3    N/A
 Summon Ice Beast         Ice/Summ       ##......     100%        4    N/A
 Throw Icicle             Conj/Ice       ##......     100%        4    N/A
 Regeneration             Chrm/Necr      Unusable     N/A         3    N/A

Dungeon Overview and Level Annotations

Branches:
Dungeon (10/15)            Temple (1/1) D:4            Lair (0/6) D:8
    Orc (1/2) D:10        Ossuary (visited)

Altars:
Ashenzari
Cheibriados
Dithmenos
Elyvilon
Fedhas
Gozag
Hepliaklqana
Kikubaaqudgha
Makhleb
Nemelex Xobeh
Okawaru
Qazlal
Ru
Sif Muna
Trog
Uskayaw
Vehumet
Wu Jian
Xom
Yredelemnul
Zin
The Shining One

Shops:
D:10 =

Annotations:
D:5 2 transporters, Kagalorn's ghost, novice HuHu
D:7 2 transporters, Kagalorn's ghost, novice HuHu
D:9 Erolcha


Innate Abilities, Weirdness & Mutations

You do not eat or drink.
Your flesh is vulnerable to fire.
You are immune to poison.
Your flesh is cold resistant. (rC+)
You are immune to negative energy. (rN+++)
You are immune to unholy pain and torment.
You can survive without breathing.


Message History

The orc warrior is no longer distracted by gold.
The orc warrior hits you with a +0 long sword.
* * * LOW HITPOINT WARNING * * *
The orc warrior hits you from afar with a +1 trident of flaming.
* * * LOW HITPOINT WARNING * * *
The orc warrior burns you.
* * * LOW HITPOINT WARNING * * *
Casting: Vampiric Draining (safe; 16% risk of failure)
Confirm with . or Enter, or press ? or * to list all spells.
Aiming: Vampiric Draining (safe; 16% risk of failure)
Press: ? - help, Shift-Dir - straight line, f - orc, p - orc warrior
Aim: an orc, wielding a +0 dagger You miscast Vampiric Draining.
Nothing appears to happen.
* * * LOW MAGIC WARNING * * *
The orc is no longer distracted by gold.
The orc barely misses you.
The orc warrior hits you from afar with a +1 trident of flaming!
You die...
Your body crumbles into a pile of gold.

#.#.####.##.........# #.#.#
#...'.........# ######.#.#
#..##.........# #....#.#.#
#...'.........# #....#.#.#
#.##..........#
#....#.#.###'##.########.#
##....#.#......#.#8∩..8##.#######
.'....'........#o#o....##.#......
.#.)..#.###....#@o..>..##.#......
.#..[.........##$#.....##.#......
.#......##.....#.#8...8#..'......
.#.)[...##.#..##)########.#......
.#........>)...[.)...)....'......
.#....#.#.....###.).#)....#......
.#...##o#.##.####...#.#####..####
)#....o....#....'...#.# ##.##
.#.#<##.#########)..#'######..#


You could see 2 orc warriors and an orc.

Vanquished Creatures
  Sonja (D:10)
  A gargoyle (D:10)
  3 trolls
  A hornet (D:8)
  A wraith (D:10)
  Eustachio (D:6)
  A hungry ghost (D:8)
  2 soldier ants (D:9)
  Duvessa (D:6)
  A black bear (D:6)
  A sky beast (D:10)
  A phantom (D:9)
  4 orc warriors
  An ice beast (D:10)
  A necrophage (D:6)
  7 ogres
  3 centaurs
  2 crocodiles
  4 big kobolds
  A wyvern zombie (D:6)
  2 elf zombies (Ossuary)
  9 bullfrogs
  3 gnoll sergeants
  Dowan (D:6)
  8 wights
  2 howler monkeys
  7 crimson imps
  A centaur zombie (Ossuary)
  A jelly (D:5)
  3 bullfrog skeletons
  4 hounds
  A human zombie (Ossuary)
  7 orc priests
  5 orc wizards
  2 iguanas (D:5)
  4 worker ants
  A killer bee zombie (D:5)
  A big kobold zombie (Ossuary)
  3 hound zombies
  A hound skeleton (D:8)
  3 mummies (Ossuary)
  21 gnolls
  15 adders
  2 shadow imps
  A worm zombie (D:6)
  4 adder zombies
  2 dart slugs
  A leopard gecko (D:8)
  25 orcs
  7 giant cockroaches
  A gnoll zombie (Ossuary)
  9 goblins
  7 hobgoblins
  7 jackals
  2 quokkas
  2 ball pythons (D:4)
  A ball python zombie (D:5)
  9 bats
  6 frilled lizards
  4 goblin zombies (Ossuary)
  5 hobgoblin zombies
  A jackal skeleton (D:8)
  5 jackal zombies
  12 kobolds
  3 kobold zombies (Ossuary)
  A leopard gecko skeleton (D:5)
  6 quokka zombies
  16 rats
  A rat zombie (Ossuary)
283 creatures vanquished.

Vanquished Creatures (collateral kills)
  A ball python (D:1)
1 creature vanquished.

Vanquished Creatures (others)
  A komodo dragon (D:8)
  A steam dragon (D:9)
  A hornet zombie (D:7)
  An orc warrior (D:9)
  A centaur (D:5)
  A gnoll sergeant (D:10)
  A wight (D:9)
  A howler monkey (D:6)
  A crimson imp (D:9)
  A centaur zombie (Ossuary)
  A human zombie (Ossuary)
  2 adder zombies (Ossuary)
  A plant (D:8)
14 creatures vanquished.

Grand Total: 298 creatures vanquished

Notes
Turn   | Place    | Note
-------+----------+-------------------------------------------
     0 | D:1      | Devinter the Mummy Necromancer began the quest for the Orb.
     0 | D:1      | Reached XP level 1. HP: 13/13 MP: 4/4
    14 | D:1      | Learned a level 1 spell: Animate Skeleton
   312 | D:1      | Reached XP level 2. HP: 16/20 MP: 2/5
   478 | D:1      | Reached skill level 3 in Spellcasting
   889 | D:1      | Reached skill level 1 in Fighting
   968 | D:1      | Reached XP level 3. HP: 26/26 MP: 4/7
  1088 | D:1      | Learned a level 3 spell: Vampiric Draining
  1145 | D:1      | Reached skill level 2 in Stealth
  1294 | D:2      | Reached skill level 2 in Dodging
  2114 | D:3      | Reached XP level 4. HP: 32/32 MP: 3/9
  2486 | D:3      | Reached skill level 1 in Short Blades
  2743 | D:4      | Reached skill level 2 in Fighting
  2826 | D:4      | Found an iron altar of Okawaru.
  2841 | D:4      | Reached skill level 4 in Spellcasting
  2841 | D:4      | Reached XP level 5. HP: 28/38 MP: 2/11
  2978 | D:4      | Found a radiant altar of Vehumet.
  3400 | D:4      | Reached skill level 5 in Necromancy
  3400 | D:4      | Reached XP level 6. HP: 46/46 MP: 5/12
  3480 | D:4      | Found a staircase to the Ecumenical Temple.
  3491 | Temple   | Entered the Ecumenical Temple
  3576 | Temple   | Became a worshipper of Gozag Ym Sagoz the Greedy
  3739 | D:4      | Reached skill level 2 in Short Blades
  3969 | D:5      | Entered Level 5 of the Dungeon
  3973 | D:5      | Reached skill level 3 in Fighting
  3983 | D:4      | HP: 2/47 [crimson imp (4)]
  4366 | D:5      | Reached skill level 5 in Spellcasting
  4366 | D:5      | Reached XP level 7. HP: 52/52 MP: 9/14
  4466 | D:5      | Reached skill level 4 in Fighting
  4779 | D:5      | Found a transporter.
  4795 | D:5      | Found a transporter.
  4797 | D:5      | Noticed Kagalorn's ghost (novice HuHu)
  4903 | D:5      | Reached skill level 6 in Necromancy
  4930 | D:5      | Reached skill level 6 in Spellcasting
  5145 | D:5      | Found a bloodstained altar of Trog.
  5246 | D:6      | Found a sand-covered staircase.
  5276 | D:6      | Reached XP level 8. HP: 51/61 MP: 12/17
  5316 | Ossuary  | Entered an ossuary
  5399 | Ossuary  | Reached skill level 5 in Fighting
  5647 | Ossuary  | Reached skill level 7 in Spellcasting
  5960 | Ossuary  | Reached skill level 7 in Necromancy
  6787 | D:6      | Found a shimmering blue altar of Sif Muna.
  6859 | D:6      | Reached skill level 8 in Spellcasting
  6932 | D:6      | Noticed Eustachio
  6934 | D:6      | Noticed Dowan
  6939 | D:6      | Killed Eustachio
  6946 | D:6      | Killed Dowan
  7022 | D:6      | Noticed Duvessa
  7231 | D:6      | Found an ornate altar of the Wu Jian Council.
  7238 | D:6      | Found a snail-covered altar of Cheibriados.
  7322 | D:6      | Killed Duvessa
  7322 | D:6      | Reached skill level 8 in Necromancy
  7465 | D:6      | Found a glowing silver altar of Zin.
  7565 | D:7      | Reached XP level 9. HP: 68/68 MP: 15/21
  7570 | D:7      | Found a stormy altar of Qazlal.
  7570 | D:7      | Found a sparkling altar of Nemelex Xobeh.
  7614 | D:7      | Reached skill level 9 in Spellcasting
  7793 | D:7      | Found a transporter.
  7793 | D:7      | Noticed Kagalorn's ghost (novice HuHu)
  7804 | D:7      | Noticed a troll
  7838 | D:7      | Killed a troll
  8175 | D:7      | Found a transporter.
  8291 | D:7      | Found a hazy altar of Hepliaklqana.
  9027 | D:8      | Reached skill level 3 in Stealth
  9087 | D:8      | Reached skill level 3 in Short Blades
  9535 | D:8      | Found a staircase to the Lair.
  9536 | D:8      | Noticed a komodo dragon
  9726 | D:8      | Banished a komodo dragon
  9726 | D:8      | Reached skill level 9 in Necromancy
  9751 | D:8      | Reached skill level 1 in Armour
  9757 | D:8      | Reached skill level 10 in Spellcasting
 10267 | D:9      | Noticed Erolcha
 10291 | D:9      | Found a shadowy altar of Dithmenos.
 10422 | D:9      | Reached XP level 10. HP: 36/74 MP: 20/24
 10466 | D:9      | Reached skill level 4 in Stealth
 10803 | D:9      | Reached skill level 2 in Armour
 10810 | D:9      | Reached skill level 4 in Short Blades
 11667 | D:9      | Reached skill level 1 in Evocations
 11708 | D:9      | Got a twisted fustibalus
 11709 | D:9      | Identified the +5 fustibalus of Evufu {flame, MR+ Str-4
                  | Dex+2 Stlth+} (You found it on level 9 of the Dungeon)
 11920 | D:10     | Entered Level 10 of the Dungeon
 11988 | D:10     | Noticed a gargoyle
 12158 | D:10     | Noticed Sonja
 12180 | D:10     | Killed Sonja
 12180 | D:10     | Reached skill level 3 in Armour
 12180 | D:10     | Reached skill level 5 in Stealth
 12180 | D:10     | Reached skill level 2 in Evocations
 12721 | D:10     | Killed a gargoyle
 12721 | D:10     | Reached skill level 5 in Short Blades
 12721 | D:10     | Reached skill level 10 in Necromancy
 12962 | D:10     | Learned a level 1 spell: Freeze
 13018 | D:10     | Found a staircase to the Orcish Mines.
 13025 | D:10     | Reached skill level 3 in Evocations
 13033 | D:10     | Reached skill level 4 in Armour
 13052 | D:10     | Reached skill level 1 in Ice Magic
 13446 | D:10     | Reached XP level 11. HP: 77/79 MP: 23/25
 13613 | D:10     | Bought the brooch of Shielding {Reflect SH+8} for 1381 gold
                  | pieces
 13613 | D:10     | Found the brooch of Shielding {Reflect SH+8}
 13617 | Orc:1    | Entered Level 1 of the Orcish Mines
 13617 | Orc:1    | Noticed an orc warlord
 13635 | D:10     | HP: 7/79 [orc warrior/+0 long sword[an orc warlord] (2)]
 13636 | D:10     | Mangled by an orc warrior

Levels and vault maps discovered:
D:1:      dpeg_arrival_boxes_within_box, layout_rooms, serial_curves,
          eino_curves_04, eino_curves_01, minmay_rat_gold_closets
D:2:      layout_loops_ring
D:3:      layout_loops_corners
D:4:      layout_basic, okawaru_gym_becter, kennysheep_mini,
          minmay_temple_entry_glassed_door, minmay_quantized
D:5:      layout_loops_ring, nicolae_overflow_hidden_temple,
          gammafunk_ghost_stat_death, first_ration, kennysheep_flooded_box
D:6:      layout_loops_cross, marbit_many_paths, lemuel_blue_sif_altar,
          minitemple, enter_ossuary_3, uniq_duvessa, uniq_eustachio
D:7:      layout_rooms, kennysheep_little_box, gammafunk_temple_overflow_statue,
          gammafunk_ghost_mausoleum
D:8:      layout_loops_corners, david_lair_shrubbed
D:9:      layout_irregular_city, nicolae_dithmenos_shadow_blocks,
          hangedman_pestilent_swarm, minmay_microvault, uniq_erolcha
D:10:     layout_basic, kennysheep_orc_monster_closet_entryway, uniq_sonja
Temple:   minmay_temple_curvy_loop
Orc:1:    layout_caves, basic_altar, bloody_makhleb

Skill      XL: |  1  2  3  4  5  6  7  8  9 10 |
---------------+-------------------------------+-----
Spellcasting   | 3 4 5 6 8 10 | 10.0
Fighting       | 1 2 3 4 5 |  5.0
Stealth        | 2 3 5 |  5.0
Dodging        | 2 |  2.0
Short Blades   | 1 2 3 5 |  5.0
Necromancy     | 5 6 8 9 10 | 10.0
Armour         | 1 4 |  4.2
Evocations     | 3 |  3.4
Ice Magic      | 1 |  1.5

Action                   |  1- 3 |  4- 6 |  7- 9 | 10-12 || total
-------------------------+-------+-------+-------+-------++-------
Melee: Spear             |    28 |       |       |       ||    28
       Whip              |     3 |       |       |       ||     3
       Dagger            |     8 |    24 |   288 |   245 ||   565
Throw: Dart              |       |       |       |     7 ||     7
 Cast: Pain              |    74 |    76 |   163 |    45 ||   358
       Animate Skeleton  |     4 |     6 |       |       ||    10
       Vampiric Draining |       |       |     5 |    11 ||    16
       Freeze            |       |       |       |     1 ||     1
Invok: Potion Petition   |       |     1 |       |       ||     1
       Call Merchant     |       |       |       |     1 ||     1
Evoke: Wand              |       |     4 |       |     2 ||     6
  Use: Scroll            |     4 |       |     3 |     8 ||    15
 Stab: Sleeping          |     8 |     1 |     6 |    11 ||    26
       Distracted        |       |       |     1 |     1 ||     2
Armor: Robe              |     8 |     2 |    23 |       ||    33
       Shadow dragon sca |       |       |    26 |   116 ||   142
Dodge: Dodged            |    16 |    30 |   149 |    82 ||   277
Block: Other             |       |       |       |     6 ||     6
